 Dungeon Crawl Stone Soup version 0.23.2 (webtiles) character file.

Game seed: 12054013901263907674

8555 Borgoz the Slicer (level 11, -3/68 HPs)
             Began as a Gargoyle Gladiator on Apr 11, 2019.
             Was a Believer of Ashenzari.
             Killed from afar by a wizard (29 damage)
             ... with a fireball
             ... on level 10 of the Dungeon.
             The game lasted 00:25:35 (8777 turns).

Borgoz the Slicer (Gargoyle Gladiator)              Turns: 8777, Time: 00:25:36

Health: -3/68      AC: 15    Str: 21    XL:     11   Next: 32%
Magic:  12/12      EV: 17    Int:  8    God:    Ashenzari [**....]
Gold:   725        SH:  2    Dex: 14    Spells: 10/10 levels left

rFire    . . .     SeeInvis .   b - +9 dagger "Loplac" {drain, Str+2}
rCold    + . .     Gourm    .   (no shield)
rNeg     + . .     Faith    .   C - +0 leather armour
rPois    ∞         Spirit   .   c - +0 helmet
rElec    +         Reflect  +   (no cloak)
rCorr    .         Harm     .   (no gloves)
MR       .....                  (no boots)
Stlth    ++........             q - +2 amulet of reflection
HPRegen  0.21/turn              y - ring of protection from cold
MPRegen  0.13/turn              w - +2 ring of protection

@: slowed, very slow
A: negative energy resistance 1, electricity resistance, unbreathing,
petrification resistance, no potion heal 1, rot immunity, AC +8
a: Curse Item, Scrying, Renounce Religion


You were on level 10 of the Dungeon.
You worshipped Ashenzari.
Ashenzari was pleased with you.
You were very hungry.

You visited 2 branches of the dungeon, and saw 11 of its levels.

You collected 725 gold pieces.

Inventory:

Hand Weapons
 a - a +0 short sword of electrocution
 b - the +9 dagger "Loplac" (weapon) {drain, Str+2}
   (You took it off a big kobold on level 4 of the Dungeon)

   A truly terrible weapon, it drains the life of those it strikes.
   It affects your strength (+2).
 g - a +0 rapier
 k - a +2 dagger of freezing
 u - the +3 dagger of Luorexux {flame, *Contam +Inv rF+ rN+}
   (You found it on level 2 of the Dungeon)

   It has been specially enchanted to burn those struck by it, causing extra
   injury to most foes and up to half again as much damage against particularly
   susceptible opponents.
   It protects you from fire.
   It protects you from negative energy.
   It lets you turn invisible.
   It causes magical contamination when unequipped.
 D - a +1 dagger of venom
Missiles
 E - a throwing net (quivered)
Armour
 c - a +0 helmet (worn)
 C - a +0 leather armour (worn)
Jewellery
 d - an uncursed ring of resist corrosion
 q - a +2 amulet of reflection (around neck)
 s - an uncursed ring of magical power
 v - an uncursed ring of magical power
 w - a +2 ring of protection (right hand)
 y - a ring of protection from cold (left hand)
 F - an uncursed ring of protection from fire
Wands
 p - a wand of random effects (30)
 t - a wand of disintegration (8)
 A - a wand of iceblast (10)
Scrolls
 e - 2 scrolls of magic mapping
 h - 2 scrolls of enchant armour
 i - 3 scrolls of amnesia {unknown}
 j - 5 scrolls of remove curse
 l - 2 scrolls of fog {unknown}
 n - 3 scrolls of teleportation
 r - a scroll of enchant weapon {unknown}
Potions
 m - a potion of resistance
 o - 3 potions of lignification
 z - 2 potions of brilliance
 G - a potion of degeneration {unknown}
Comestibles
 f - 28 rations
 x - 3 chunks of flesh


   Skills:
 + Level 7.8 Fighting
 * Level 9.3 Short Blades
 - Level 1.7 Throwing
 + Level 7.3 Armour
 * Level 8.6 Dodging
 + Level 3.5 Stealth
 + Level 2.5 Evocations


You had 10 spell levels left.
You didn't know any spells.
Your spell library contained the following spells:

 Spells                   Type           Power        Failure   Level  Hunger
 Shock                    Conj/Air       #...         45%         1    ##.....
 Swiftness                Chrm/Air       #.......     58%         2    ###....
 Static Discharge         Conj/Air       #.......     83%         3    ####...
 Airstrike                Air            #.........   99%         4    #####..
 Lightning Bolt           Conj/Air       #.........   100%        5    ######.


Dungeon Overview and Level Annotations

Branches:
Dungeon (10/15)            Temple (1/1) D:6             Orc (0/2) D:9
   Lair: D:8-11

Altars:
Ashenzari
Cheibriados
Dithmenos
Elyvilon
Fedhas
Gozag
Hepliaklqana
Kikubaaqudgha
Makhleb
Nemelex Xobeh
Okawaru
Qazlal
Ru
Sif Muna
Trog
Uskayaw
Vehumet
Wu Jian
Xom
Yredelemnul
Zin
The Shining One

Shops:
D:6 [

Annotations:
D:10 3 runed translucent doors, doot's ghost, novice TrTm


Innate Abilities, Weirdness & Mutations

You are resistant to torment.
Your stone body is resilient. (AC +8)
You are immune to poison.
You resist negative energy. (rN+)
You are resistant to electric shocks. (rElec)
You can survive without breathing.
You are immune to petrification.
You are immune to rotting.
Potions are less effective at restoring your health.


Message History

You hear a shout!
You puncture the wizard!
The wizard is almost dead.
You hear a shout!
The wizard hits you but does no damage. The orc warrior closely misses you.
The orc wizard barely misses you.
Unknown command.
Okay, then.
As you read the scroll of fear, it crumbles to dust.
You assume a fearsome visage.
The wizard looks frightened!
The orc warrior looks frightened!
The orc looks frightened!
The orc wizard looks frightened!
The orc looks frightened!
The orc wizard mumbles some strange words.
The orc wizard flickers and vanishes!
Deactivating autopickup; reactivate with Ctrl-A.
A wizard comes into view. It is wielding a +0 dagger.
Cornered, the wizard turns to fight!
The wizard points at you and mumbles some strange words.
The fireball explodes!
The fireball engulfs you!!
You die...

#.##### #.....#
####.###.#########*
#...§..#.§....... ,##
##...§..§§..##.## .#
##.§§§§§§......###.###
*
##§§...§.#.)........#
#...
##§§§§.###.......#.##
#8$.
,,##§§§##,##..@...p..#
#.W. , ##§##,
##...†....# #8(. ,,
### ,{ ##.......# #...
{,∆ ,,, #........#
#.#. *, ,,
..p...#...o# #### ,
*#.....##....# ,,, , ,
##...## ..?# ,, ##o##
, ....# , ,, ,* ## , ,
...#


You could see 2 wizards, an orc warrior (fleeing) and an orc (fleeing).

Vanquished Creatures
  A hydra (D:8)
  A wizard (D:10)
  Psyche (D:9)
  The ghost of FrozenHourglass the Slasher, a novice HuMo of the Shining One (D:4)
  Prince Ribbit (D:7)
  A hippogriff (D:5)
  2 dream sheep (D:8)
  8 yaks
  A hungry ghost (D:7)
  2 wyverns
  4 humans (D:9)
  A warg (D:9)
  An ice beast (D:5)
  6 orc warriors
  A phantom (D:10)
  A sky beast (D:6)
  3 centaurs
  3 ogres
  6 big kobolds
  A bullfrog (D:10)
  Blork the orc (D:4)
  2 gnoll sergeants
  A scorpion (D:8)
  14 killer bees
  4 howler monkeys
  A crimson imp (D:10)
  2 bullfrog skeletons (D:7)
  2 jellies
  An orc priest (D:10)
  4 hounds
  5 orc wizards
  2 centaur skeletons
  3 iguanas
  5 worker ants
  2 hound skeletons
  Robin (D:4)
  7 gnolls
  13 adders
  2 adder skeletons
  An adder zombie (D:7)
  A dart slug (D:4)
  2 worms
  9 leopard geckos
  16 orcs
  7 giant cockroaches
  14 goblins
  13 hobgoblins
  9 jackals
  11 kobolds
  4 quokkas
  2 ball pythons
  A bat (D:3)
  3 frilled lizards
  A leopard gecko zombie (D:2)
  A quokka skeleton (D:9)
  A quokka zombie (D:5)
  5 rats
219 creatures vanquished.

Vanquished Creatures (others)
  2 fungi (D:4)
  2 plants (D:4)
4 creatures vanquished.

Grand Total: 223 creatures vanquished

Notes
Turn   | Place    | Note
-------+----------+-------------------------------------------
     0 | D:1      | Borgoz the Gargoyle Gladiator began the quest for the Orb.
     0 | D:1      | Reached XP level 1. HP: 12/12 MP: 1/1
   187 | D:1      | Reached XP level 2. HP: 18/18 MP: 2/2
   323 | D:1      | Reached skill level 3 in Short Blades
   640 | D:2      | Reached XP level 3. HP: 15/22 MP: 3/3
   676 | D:2      | Reached skill level 1 in Armour
   786 | D:2      | Found a transporter.
   786 | D:2      | Noticed a wyvern
   787 | D:2      | Found an opulent altar of Gozag.
   983 | D:2      | Found a transporter.
  1216 | D:3      | Reached XP level 4. HP: 18/27 MP: 3/4
  1685 | D:4      | Reached XP level 5. HP: 21/32 MP: 5/5
  2025 | D:4      | Noticed an ogre
  2030 | D:4      | Killed an ogre
  2030 | D:4      | Reached skill level 4 in Short Blades
  2030 | D:4      | Reached XP level 6. HP: 37/37 MP: 6/6
  2137 | D:4      | Found a runed translucent gate.
  2146 | D:4      | Found a runed translucent gate.
  2146 | D:4      | Noticed FrozenHourglass's ghost (novice HuMo)
  2147 | D:4      | Found a runed translucent gate.
  2147 | D:4      | Identified the +9 dagger "Loplac" {drain, Str+2}
  2178 | D:4      | Noticed Blork the orc
  2201 | D:4      | Killed Blork the orc
  2496 | D:4      | Noticed Robin
  2530 | D:4      | Killed Robin
  2737 | D:5      | Entered Level 5 of the Dungeon
  2884 | D:5      | Noticed an ice beast
  2894 | D:5      | Killed an ice beast
  2894 | D:5      | Reached XP level 7. HP: 42/42 MP: 7/7
  3029 | D:5      | Noticed a hippogriff
  3047 | D:5      | Killed a hippogriff
  3047 | D:5      | Reached skill level 5 in Short Blades
  3225 | D:5      | Found an opulent altar of Gozag.
  3363 | D:6      | Found a staircase to the Ecumenical Temple.
  3378 | Temple   | Entered the Ecumenical Temple
  3526 | Temple   | Became a worshipper of Ashenzari the Shackled
  3567 | D:6      | Reached XP level 8. HP: 48/48 MP: 8/8
  3581 | D:6      | Found Poocwuf's Armour Shoppe.
  4006 | D:7      | Reached skill level 5 in Dodging
  4090 | D:7      | Found a blossoming altar of Fedhas.
  4111 | D:7      | Reached * piety under Ashenzari
  4299 | D:7      | Reached skill level 5 in Fighting
  4321 | D:7      | Reached skill level 6 in Short Blades
  4677 | D:7      | Noticed Prince Ribbit
  4695 | D:7      | Killed Prince Ribbit
  4695 | D:7      | Reached XP level 9. HP: 54/54 MP: 9/9
  4810 | D:7      | Reached skill level 5 in Armour
  5233 | D:8      | HP: 2/55 [orc warrior/+0 war axe (18)]
  5581 | D:8      | Reached skill level 7 in Short Blades
  5952 | D:8      | Reached XP level 10. HP: 20/61 MP: 10/10
  6179 | D:8      | Noticed a three-headed hydra
  6190 | D:8      | Killed a three-headed hydra
  6190 | D:8      | Reached skill level 8 in Short Blades
  6405 | D:2      | Got the dagger of Luorexux {flame, *Contam +Inv rF+ rN+}
  6427 | D:2      | Identified the +3 dagger of Luorexux {flame, *Contam +Inv
                  | rF+ rN+} (You found it on level 2 of the Dungeon)
  6584 | D:4      | Killed FrozenHourglass's ghost
  6597 | D:4      | Reached skill level 1 in Stealth
  6663 | D:4      | Gained mutation: Potions are less effective at restoring
                  | your health. [mutagenic glow]
  7384 | D:9      | Reached skill level 1 in Evocations
  7414 | D:9      | Found a staircase to the Orcish Mines.
  7737 | D:9      | Reached ** piety under Ashenzari
  7762 | D:9      | Noticed Psyche
  7771 | D:9      | Killed Psyche
  7781 | D:9      | Reached skill level 9 in Short Blades
  7781 | D:9      | Reached XP level 11. HP: 64/67 MP: 12/12
  8008 | D:10     | Entered Level 10 of the Dungeon
  8493 | D:10     | Found a runed translucent gate.
  8493 | D:10     | Found a runed translucent gate.
  8493 | D:10     | Found a runed translucent gate.
  8495 | D:10     | Noticed doot's ghost (novice TrTm)
  8731 | D:10     | Noticed a wizard
  8743 | D:10     | Killed a wizard
  8752 | D:10     | Noticed a wizard
  8775 | D:10     | Noticed a wizard
  8777 | D:10     | Killed from afar by a wizard

Skill      XL: |  1  2  3  4  5  6  7  8  9 10 11 |
---------------+----------------------------------+-----
Short Blades   | 3 4 5 6 7 9 |  9.3
Armour         | 1 2 3 4 6 7 |  7.3
Dodging        | 3 4 6 7 8 |  8.6
Fighting       | 3 4 5 6 7 |  7.8
Stealth        | 2 3 |  3.5
Evocations     | 1 2 |  2.5
Throwing       | |  1.7

Action                   |  1- 3 |  4- 6 |  7- 9 | 10-12 || total
-------------------------+-------+-------+-------+-------++-------
Melee: Rapier            |    84 |   249 |       |       ||   333
       Dagger            |     7 |    26 |   460 |   397 ||   890
Throw: Throwing net      |       |     4 |     7 |     1 ||    12
Evoke: Wand              |       |     5 |       |       ||     5
  Use: Potion            |       |     4 |     6 |     2 ||    12
       Scroll            |       |       |     6 |     5 ||    11
 Stab: Held in net/web   |       |     2 |     1 |     4 ||     7
       Invisible         |       |       |       |     4 ||     4
       Sleeping          |       |       |       |     2 ||     2
  Eat: Chunk             |     1 |     5 |    14 |     8 ||    28
       Ration            |       |       |     1 |       ||     1
Armor: Leather armour    |    28 |    92 |   147 |    83 ||   350
Dodge: Dodged            |    66 |   202 |   284 |   200 ||   752
Block: Other             |     2 |    14 |    24 |    15 ||    55
       Reflection        |       |       |     1 |       ||     1
